 Dungeon Crawl Stone Soup version 0.31-a0-180-g519b7de00c (webtiles) character file.

Game seed: 6650352329997675410

714 qw the Chopper (level 7, -1/44 HPs)
             Began as a Gargoyle Fighter on June 20, 2023.
             Slain by an orc priest
             ... wielding a +0 flail
              (6 damage)
             ... on level 5 of the Dungeon.
             The game lasted 00:01:47 (3374 turns).

qw the Chopper (Gargoyle Fighter)                   Turns: 3374, Time: 00:01:48

Health: -1/44      AC: 20    Str: 22    XL:     7   Next: 69%
Magic:  7/7        EV:  6    Int:  8    God:
Gold:   224        SH:  0    Dex:  9    Spells: 6/6 levels left

rFire   + . .        Y - +0 war axe
rCold   . . .        c - +0 buckler
rNeg    + . .        l - +0 plate armour
rPois   inf          (no helmet)
rElec   +            (no cloak)
rCorr   .            h - +0 pair of gloves
SInv    .            k - +1 pair of boots
Will    .....        (no amulet) Stlth
                     f - ring of protection from fire
HPRegen 0.27/turn    (no ring)
MPRegen 0.10/turn

%: no passive effects
@: confused
A: sickness immunity, AC +4, negative energy resistance 1, electricity
resistance, torment resistance 1, petrification resistance
a: no special abilities


You were on level 5 of the Dungeon.
You visited 1 branch of the dungeon, and saw 5 of its levels.

You collected 224 gold pieces.


Innate Abilities, Weirdness & Mutations

You are immune to sickness and miasma.
Your stone body is resilient. (AC +4)
You are immune to poison.
You resist negative energy. (rN+)
You are resistant to electric shocks. (rElec)
You are resistant to unholy torment.
You are immune to petrification.


   Skills:
 - Level 4.6 Fighting
 + Level 6.8 Axes
 - Level 0.7 Throwing
 - Level 4.1 Armour
 - Level 3.2 Shields


You had 6 spell levels left.
You didn't know any spells.
Your spell library was empty.

Inventory:

Hand Weapons
 a - a +3 whip of venom
 Y - a +0 war axe (weapon)
Armour
 c - a +0 buckler (worn)
 h - a +0 pair of gloves (worn)
 k - a +1 pair of boots (worn)
 l - a +0 plate armour (worn)
 n - a +0 cloak
Jewellery
 f - a ring of protection from fire (left hand)
Scrolls
 b - 2 scrolls of identify
 g - 3 scrolls of teleportation
Potions
 d - a potion of might
 e - a potion of enlightenment {unknown}
 i - a potion of curing {unknown}
 j - a potion of lignification
 m - 2 potions of attraction

Dungeon Overview and Level Annotations

Branches:
Dungeon (5/15)
 Temple: D:4-7

Altars:
Cheibriados
Dithmenos
Gozag
Xom

Annotations:
D:3 1 runed translucent door, qw's ghost, amateur NaHu


Message History

Deactivating autopickup; reactivate with Ctrl-A.
You slash the orc!
You kill the orc!
You hit the orc wizard.
The orc wizard gestures wildly while chanting.
The orc wizard flickers and vanishes!
3362 ||| Stepping ~*~*~tactically~*~*~ (hiding).
You barely miss something. Something hits you but does no damage.
You hear some strange, mumbled words.
You are confused.
Something hits you but does no damage. Something hits you but does no damage.
A magic dart appears from out of thin air!
The magic dart hits you.
A magic dart appears from out of thin air!
The magic dart hits you!
You bump into the rock wall.
Something hits you but does no damage. Something hits you but does no damage.
Things that are here:
a +0 short sword; a +0 leather armour You hear some strange, mumbled words.
Something tries to affect you, but you resist.
You hear some strange, mumbled words.
You are more confused.
The orc priest hits you but does no damage.
You hear some strange, mumbled words.
A puff of flame appears from out of thin air!
The puff of flame hits you. You resist. Something hits you but does no damage.
The orc priest invokes the aid of Beogh against you.
Beogh smites you! Something hits you but does no damage. Something hits you.
The orc priest hits you with a +0 flail!
Something hits you. x2
The orc priest hits you but does no damage.
Something hits you but does no damage. Something hits you.
The orc priest hits you but does no damage.
Something hits you but does no damage. x2
The orc priest hits you with a +0 flail.
You die...

#.. #.# #. #.# #.#
#. #.# #<# #. #.#
#.# ## #.# #.#
##.###########.#
#.............%###
#.{#######.......#
##.@o.# #.......#
#..{#)#####.......##
#.###.##............
#. .##.##.......##
#. .## #.......# #.
.# #.......# #. o#
####.#### #. .# #..
#o ###


You could see an orc priest.

Vanquished Creatures
  A kobold brigand (D:4)
  4 scorpions
  A howler monkey (D:5)
  A jelly (D:4)
  3 hounds
  An iguana (D:5)
  2 orc wizards
  9 adders
  2 ufetubi
  A worm (D:2)
  A dart slug (D:5)
  9 orcs
  6 endoplasms
  3 giant cockroaches
  5 hobgoblins
  8 jackals
  5 quokkas
  5 ball pythons
  3 bats
  A frilled lizard (D:3)
  5 goblins
  6 kobolds
  4 rats
86 creatures vanquished.

Notes
Turn   | Place    | Note
-------+----------+-------------------------------------------
     0 | D:1      | qw the Gargoyle Fighter began the quest for the Orb.
     0 | D:1      | Reached XP level 1. HP: 14/14 MP: 1/1
     0 | D:1      | 0 ||| qw: Version: 0.3-a-9-g12657ce
     0 | D:1      | 0 ||| qw: Game counter: 1161
     0 | D:1      | 0 ||| qw: Always use a shield: true
     0 | D:1      | 0 ||| qw: God list: Okawaru
     0 | D:1      | 0 ||| qw: Allow faded altars: false
     0 | D:1      | 0 ||| qw: Do Orc after D:15 true
     0 | D:1      | 0 ||| qw: Do second Lair branch before Depths: true
     0 | D:1      | 0 ||| qw: Lair rune preference: random
     0 | D:1      | 0 ||| qw: Plans: Normal, Zot:1-4, Slime:5, God:TSO, Crypt,
                  | Tomb, Abyss, Pan, Hells, Win
     0 | D:1      | 0 ||| PLANNING D:1-11
   144 | D:1      | Reached skill level 2 in Axes
   274 | D:1      | Reached XP level 2. HP: 19/19 MP: 2/2
   419 | D:1      | 419 ||| Stepping ~*~*~tactically~*~*~ (stealth).
   445 | D:1      | Reached skill level 3 in Axes
   445 | D:1      | 445 ||| FLEEEEING.
   446 | D:1      | 446 ||| FLEEEEING.
   447 | D:1      | 447 ||| FLEEEEING.
   448 | D:1      | 448 ||| FLEEEEING.
   793 | D:1      | 793 ||| READING scroll labelled VOZAOR JINIB.
   797 | D:1      | 797 ||| READING scroll labelled GYOMPE HUOFAW.
   798 | D:1      | 798 ||| READING scroll labelled BITACH IKLEHO.
   799 | D:1      | 799 ||| DRINKING 2 brown potions.
   800 | D:1      | 800 ||| DROPPING potion of degeneration.
   860 | D:2      | 860 ||| Stepping ~*~*~tactically~*~*~ (hiding).
   955 | D:2      | 955 ||| Stepping ~*~*~tactically~*~*~ (hiding).
   958 | D:2      | 958 ||| Stepping ~*~*~tactically~*~*~ (hiding).
   963 | D:2      | Reached XP level 3. HP: 23/23 MP: 3/3
   968 | D:2      | 968 ||| Stepping ~*~*~tactically~*~*~ (stealth).
  1073 | D:2      | Found a faded altar of an unknown god.
  1516 | D:2      | 1516 ||| UPGRADING to +0 chain mail.
  1526 | D:2      | 1526 ||| DROPPING +0 scale mail.
  1527 | D:2      | 1527 ||| READING 2 scrolls labelled DEROUM ZENO.
  1528 | D:2      | 1528 ||| READING scroll labelled EMUTHI ZEKLI.
  1529 | D:2      | 1529 ||| READING 3 scrolls labelled XOIHIMNA QOESS.
  1530 | D:2      | 1530 ||| DROPPING 2 scrolls of blinking.
  1657 | D:3      | Found a runed translucent door.
  1663 | D:3      | Noticed qw's ghost (amateur NaHu)
  1706 | D:3      | Reached XP level 4. HP: 28/28 MP: 4/4
  1748 | D:3      | 1748 ||| DROPPING +0 club.
  1866 | D:3      | Found an opulent altar of Gozag.
  1960 | D:3      | Reached skill level 4 in Axes
  2267 | D:3      | 2267 ||| UPGRADING to +0 pair of boots.
  2272 | D:3      | 2272 ||| UPGRADING to +0 plate armour.
  2282 | D:3      | 2282 ||| DROPPING +0 chain mail.
  2283 | D:3      | 2283 ||| READING scroll of enchant armour.
  2283 | D:3      | 2283 ||| ENCHANTING +0 pair of boots.
  2284 | D:3      | 2284 ||| READING 2 scrolls of identify.
  2284 | D:3      | 2284 ||| IDENTIFYING white potion
  2285 | D:3      | 2285 ||| DROPPING potion of berserk rage.
  2376 | D:4      | 2376 ||| Stepping ~*~*~tactically~*~*~ (stealth).
  2383 | D:4      | Reached XP level 5. HP: 29/32 MP: 5/5
  2458 | D:4      | Noticed a kobold brigand
  2459 | D:4      | 2459 ||| Stepping ~*~*~tactically~*~*~ (hiding).
  2461 | D:4      | 2461 ||| Stepping ~*~*~tactically~*~*~ (hiding).
  2462 | D:4      | 2462 ||| Stepping ~*~*~tactically~*~*~ (hiding).
  2480 | D:4      | Killed a kobold brigand
  2481 | D:4      | Reached skill level 5 in Axes
  2577 | D:4      | Reached XP level 6. HP: 37/38 MP: 6/6
  2697 | D:4      | Found a shimmering altar of Xom.
  2699 | D:4      | Found a snail-covered altar of Cheibriados.
  2702 | D:4      | Found a shadowy altar of Dithmenos.
  3014 | D:4      | 3014 ||| UPGRADING to +0 pair of gloves.
  3019 | D:4      | 3019 ||| UPGRADING to ring of protection from fire.
  3020 | D:4      | 3020 ||| READING scroll labelled QAUNAO SYGIXE.
  3051 | D:4      | 3051 ||| READING 4 scrolls of identify.
  3051 | D:4      | 3051 ||| IDENTIFYING smoky green potion
  3052 | D:4      | 3052 ||| READING 3 scrolls of identify.
  3052 | D:4      | 3052 ||| IDENTIFYING puce potion
  3075 | D:5      | Entered Level 5 of the Dungeon
  3144 | D:5      | 3144 ||| Stepping ~*~*~tactically~*~*~ (stealth).
  3151 | D:5      | Reached skill level 6 in Axes
  3151 | D:5      | Reached XP level 7. HP: 39/44 MP: 7/7
  3169 | D:5      | 3169 ||| Stepping ~*~*~tactically~*~*~ (stealth).
  3170 | D:5      | 3170 ||| Stepping ~*~*~tactically~*~*~ (stealth).
  3171 | D:5      | 3171 ||| Stepping ~*~*~tactically~*~*~ (stealth).
  3348 | D:5      | 3348 ||| Stepping ~*~*~tactically~*~*~ (stealth).
  3352 | D:5      | 3352 ||| Stepping ~*~*~tactically~*~*~ (hiding).
  3362 | D:5      | 3362 ||| Stepping ~*~*~tactically~*~*~ (hiding).
  3371 | D:5      | HP: 8/44 [orc priest/+0 flail (8)]
  3374 | D:5      | Slain by an orc priest

Levels and vault maps discovered:
D:1:      spicycebolla_green_bress_n_ham_2, layout_basic
D:2:      layout_loops_ring, hellmonk_ecumenical_altar_zigzags, minivault_25
D:3:      layout_basic, nicolae_gozag_cash_rules_everything_around_me,
          ebering_ghost_inner_flame, due_unseen_surprise
D:4:      layout_rooms, grunt_temple_overflow_diamond,
          kennysheep_generic_room_11
D:5:      layout_loops_ring, mainiacjoe_overflow_catwalk

Skill      XL: |  1  2  3  4  5  6  7 |
---------------+----------------------+-----
Axes           | 2 3 4 5 6 |  6.8
Fighting       | 4 |  4.6
Armour         | 4 |  4.1
Throwing       | |  0.7
Shields        | |  3.2

Action                     |  1- 3 |  4- 6 |  7- 9 || total
---------------------------+-------+-------+-------++-------
  Melee: War axe           |    99 |   154 |    34 ||   287
  Throw: Boomerang         |    27 |       |       ||    27
         Javelin           |       |    20 |     2 ||    22
    Use: Scroll            |     6 |     5 |       ||    11
         Potion            |     1 |       |       ||     1
 Armour: Scale mail        |    59 |       |       ||    59
         Plate armour      |       |   112 |    36 ||   148
         Chain mail        |       |    10 |       ||    10
  Dodge: Dodged            |    44 |    53 |     6 ||   103
  Block: Buckler           |    17 |    26 |     4 ||    47

Table legend:
 A = Non-vault XP
 B = Vault XP
 C = Vault XP percentage of total XP
 D = Non-vault monster count
 E = Vault monster count
 F = Vault count percentage of total count
                 A         B        C        D         E       F
            +---------+---------+-------+---------+---------+-------
      Total |    1019 |       1 |   0.1 |      85 |       1 |   1.2
            +---------+---------+-------+---------+---------+-------
        D:1 |      32 |       0 |   0.0 |      20 |       0 |   0.0
        D:2 |      44 |       0 |   0.0 |      10 |       0 |   0.0
        D:3 |      31 |       0 |   0.0 |      15 |       0 |   0.0
        D:4 |     394 |       1 |   0.3 |      25 |       1 |   3.8
        D:5 |     518 |       0 |   0.0 |      15 |       0 |   0.0
            +---------+---------+-------+---------+---------+-------
